 Dungeon Crawl Stone Soup version 0.29.1-2-gbd0b4ee654 (webtiles) character file.

Game seed: 15789860434040633306

1124 qeuew the Trooper (level 8, -6/66 HPs)
             Began as a Palentonga Fighter on Nov 10, 2022.
             Mangled by a yak (9 damage)
             ... on level 6 of the Dungeon.
             The game lasted 00:07:17 (5050 turns).

qeuew the Trooper (Palentonga Fighter)              Turns: 5050, Time: 00:07:18

Health: -6/66      AC: 14    Str: 22    XL:     8   Next: 13%
Magic:  8/8        EV:  8    Int:  8    God:
Gold:   376        SH:  5    Dex: 12    Spells: 7/7 levels left

rFire   . . .      SeeInvis +   a - +0 war axe
rCold   + . .      Faith    .   c - +0 buckler
rNeg    . . .      Spirit   .   f - +0 scale mail {rC+}
rPois   .          Reflect  .   (no helmet)
rElec   .          Harm     .   (no cloak)
rCorr   .          Rampage  .   (no gloves)
Will    .....                   (no barding)
Stlth   ..........              k - amulet of regeneration
HPRegen 1.01/turn               (no ring)
MPRegen 0.11/turn               (no ring)

@: curled up
A: large, rugged brown scales 3, see invisible, deformed body, roll 1, armoured
tail, reflexive curl
a: Rolling Charge


You were on level 6 of the Dungeon.
You visited 1 branch of the dungeon, and saw 6 of its levels.

You collected 389 gold pieces.
You spent 13 gold pieces at shops.

Inventory:

Hand Weapons
 a - a +0 war axe (weapon)
Missiles
 i - a throwing net
Armour
 c - a +0 buckler (worn)
 f - a +0 scale mail of cold resistance (worn)
Jewellery
 k - an amulet of regeneration (around neck)
Wands
 d - a wand of roots (10)
Scrolls
 e - 4 scrolls of butterflies
Potions
 b - a potion of heal wounds
 g - a potion of resistance {unknown}
 h - 2 potions of brilliance


   Skills:
 + Level 5.1 Fighting
 + Level 4.6 Axes
 + Level 4.2 Armour
 + Level 3.2 Dodging
 + Level 4.6 Shields
 + Level 1.1 Evocations


You had 7 spell levels left.
You didn't know any spells.
Your spell library was empty.

Dungeon Overview and Level Annotations

Branches:
Dungeon (6/15)
 Temple: D:4-7

Altars:
Qazlal
Yredelemnul
The Shining One

Shops:
D:1 !


Innate Abilities, Weirdness & Mutations

You are completely covered in rugged brown scales. (AC +3, +7% HP)
You have supernaturally acute eyesight. (SInv)
Armour fits poorly on your strangely shaped body.
You can roll at nearby foes to attack.
You have a long armoured tail.
You curl defensively after being hit. (AC +7*)


Message History

You are too injured to fight recklessly!
You are too injured to fight recklessly!
You are too injured to fight recklessly!
You are too injured to fight recklessly!
You are too injured to fight recklessly!
You are too injured to fight recklessly!
You are too injured to fight recklessly!
You are too injured to fight recklessly!
You are too injured to fight recklessly!
You are too injured to fight recklessly!
You are too injured to fight recklessly!
You are too injured to fight recklessly!
You are too injured to fight recklessly!
You are too injured to fight recklessly!
You completely miss the yak. You block the yak's attack.
You closely miss the yak. The yak barely misses you. The yak gores you!
You slash the yak!
The yak is moderately wounded.
The yak gores you but does no damage.
You barely miss the yak.
The yak is moderately wounded.
The yak barely misses you.
You hit the yak.
The yak is heavily wounded.
The yak gores you!
* * * LOW HITPOINT WARNING * * *
You barely miss the yak.
The yak is heavily wounded.
You block the yak's attack. The yak gores you.
* * * LOW HITPOINT WARNING * * *
The yak attacks as you move away! The yak gores you.
* * * LOW HITPOINT WARNING * * *
The yak attacks as you move away! The yak gores you.
* * * LOW HITPOINT WARNING * * *
The yak attacks as you move away! The yak barely misses you.
The yak attacks as you move away! The yak closely misses you.
The yak attacks as you move away! The yak gores you!
* * * LOW HITPOINT WARNING * * *
The yak attacks as you move away! The yak gores you!
You die...

## .# .# .# ######
############### .# #....#
#.............# .# #....#
#......######.#
.###....#############.###
...'....'.......@Y.YY.Y.#
####....########...##.#.#
#....# #####...##.#.#
#....# #........#.#Y#
#<...# #........#.#Y#
#....# #........#.#Y#
#....# #........#.#.#
###### #........#.#.#
#........# #.#


You could see 4 yaks.

Vanquished Creatures
  Sigmund (D:2)
  Eustachio (D:4)
  A black bear (D:5)
  An ogre (D:5)
  A kobold brigand (D:5)
  2 scorpions (D:5)
  2 hounds (D:5)
  2 orc priests
  3 iguanas
  Terence (D:2)
  2 orc wizards (D:4)
  Robin (D:4)
  2 adders (D:4)
  A shadow imp (D:5)
  An ufetubus (D:5)
  3 worms
  4 dart slugs
  9 orcs
  6 ball pythons
  3 bats
  9 endoplasms
  4 giant cockroaches
  13 goblins
  12 hobgoblins
  12 jackals
  6 quokkas
  3 frilled lizards
  22 kobolds
  6 rats
134 creatures vanquished.

Vanquished Creatures (others)
  24 plants (D:5)
24 creatures vanquished.

Grand Total: 158 creatures vanquished

Notes
Turn   | Place    | Note
-------+----------+-------------------------------------------
     0 | D:1      | qeuew the Palentonga Fighter began the quest for the Orb.
     0 | D:1      | Reached XP level 1. HP: 19/19 MP: 1/1
   261 | D:1      | Reached XP level 2. HP: 25/25 MP: 2/2
   276 | D:1      | Found Fiaress's Distillery.
   285 | D:1      | Bought a potion of degeneration for 13 gold pieces
   682 | D:1      | Found a faded altar of an unknown god.
   756 | D:1      | Reached XP level 3. HP: 21/31 MP: 3/3
  1483 | D:2      | Noticed Sigmund
  1503 | D:2      | Killed Sigmund
  1504 | D:2      | Reached skill level 1 in Dodging
  1504 | D:2      | Reached XP level 4. HP: 16/39 MP: 4/4
  1504 | D:2      | Reached XP level 5. HP: 18/44 MP: 5/5
  1710 | D:2      | Noticed Terence
  1721 | D:2      | Killed Terence
  1722 | D:2      | Reached skill level 4 in Fighting
  1961 | D:3      | Identified the +4 short sword of Dauvapt {vorpal, rPois rF+
                  | MP+9 Dex+2}
  2098 | D:3      | Reached XP level 6. HP: 51/51 MP: 6/6
  2894 | D:4      | Noticed Robin
  2899 | D:4      | Noticed Eustachio
  3338 | D:4      | Killed Robin
  3544 | D:4      | Found a basalt altar of Yredelemnul.
  3593 | D:4      | Found a glowing golden altar of the Shining One.
  3741 | D:4      | HP: 2/52 [Eustachio/+4 vampiric falchion (4)]
  3747 | D:4      | Killed Eustachio
  3748 | D:4      | Gained mutation: You curl defensively after being hit. (AC
                  | +7*) [Palentonga growth]
  3748 | D:4      | Reached XP level 7. HP: 8/58 MP: 7/7
  4144 | D:4      | Noticed an angel
  4181 | D:5      | Entered Level 5 of the Dungeon
  4273 | D:5      | Found a stormy altar of Qazlal.
  4390 | D:5      | Reached skill level 5 in Fighting
  4442 | D:5      | Reached XP level 8. HP: 34/66 MP: 8/8
  4576 | D:5      | Reached skill level 1 in Evocations
  5049 | D:6      | HP: 2/66 [yak (9)]
  5050 | D:6      | Mangled by a yak

Illustrated notes

Levels and vault maps discovered:
D:1:      nzn_arrival_settlement, layout_basic, serial_shops, shop,
          chequers_ecumenical_altar_twisty
D:2:      layout_rooms, minmay_tetromino_l4, uniq_sigmund, uniq_terence
D:3:      layout_rooms
D:4:      layout_loops_cross, grunt_temple_overflow_holy_war, uniq_eustachio,
          uniq_robin
D:5:      kennysheep_kobold_camp, layout_rooms, nicolae_qazlal_eye_of_the_storm
D:6:      layout_basic, minmay_temple_entry_slanted, roderic_serpentine_path,
          minmay_misc_feat_encased, uniq_menkaure

Skill      XL: |  1  2  3  4  5  6  7  8 |
---------------+-------------------------+-----
Shields        | 3 4 |  4.6
Axes           | 3 4 |  4.6
Armour         | 3 4 |  4.2
Dodging        | 1 2 3 |  3.2
Fighting       | 4 5 |  5.1
Evocations     | 1 |  1.1

Action                   |  1- 3 |  4- 6 |  7- 9 || total
-------------------------+-------+-------+-------++-------
Melee: War axe           |   103 |   151 |   131 ||   385
       Tailslap          |    14 |    20 |    22 ||    56
 Abil: Rolling Charge    |     3 |    20 |    12 ||    35
  Use: Scroll            |     2 |     4 |     5 ||    11
       Potion            |     1 |     5 |     2 ||     8
 Stab: Invisible         |       |     1 |       ||     1
Armor: Scale mail        |    58 |    63 |    33 ||   154
Dodge: Dodged            |    47 |    51 |    48 ||   146
Block: Buckler           |    21 |    24 |    24 ||    69
